Kangyu, lawful female dwarven Valkyrie ------------------------ |.`cc........^^^^^^^^..| |c@-------------------.| ----.| ----- |.| |..|.-- --...| |.| |.....|--|.`..| |.| |.....|..|.``.| |.| --....|.....`-- |.| |.%%....|`..| ------|.| |...%|..|.`.| --|.....|.| |....---|`..| |.+.....|.| |...`...|..-- |-|.....|.| ----.`./|%-- |.+.....+.| ---.--.| |-|.....|-- |.....| |.+.....| |>.|..| --|.....| ------- ------- Kangyu the Fighter Experience level: 8 Strength: 21 Dexterity: 10 Constitution: 18 Intelligence: 10 Wisdom: 8 Charisma: 8 Health: 73(74) Energy: 1(1) Def: 9 Gold: 1831 Moves: 6067 Dungeon seed: QgIGbjgq21tjPXlV Game ID: Kangyu_1559374513 Your Inventory: Coins $ - 1831 gold pieces Weapons a - the blessed rustproof +1 Excalibur b - an uncursed +0 dagger j - an uncursed +0 scimitar m - 9 cursed -1 thirsty darts F - a blessed +0 knife Armor e - an uncursed +3 small shield (being worn) q - an uncursed +0 orcish helm (being worn) r - an uncursed +0 orcish chain mail (being worn) Comestibles c - 4 uncursed food rations Scrolls k - an uncursed scroll of confuse monster t - an uncursed scroll of identify A - 2 uncursed scrolls of earth Potions f - 2 uncursed potions of water g - 2 uncursed potions of gain ability i - an uncursed potion of oil l - an uncursed potion of enlightenment o - an uncursed potion of blindness u - an uncursed potion of object detection v - a cursed potion of object detection z - a blessed potion of extra healing E - an uncursed potion of healing H - a cursed potion of speed Rings h - an uncursed +1 ring of searching w - an uncursed ring of teleport control x - an uncursed ring of protection from shape changers D - a cursed -1 ring of protection G - an uncursed ring of warning K - an uncursed ring of teleport control Wands p - an uncursed wand of polymorph (0:6) y - an uncursed wand of sleep (0:3) B - an uncursed wand of striking (0:8) C - an uncursed wand of lightning (0:5) I - an uncursed wand of light (0:15) Tools d - an uncursed oil lamp (0:1242) J - an uncursed mirror Gems n - an uncursed worthless piece of black glass Spells and supernatural/magical abilities: Name Level Category Cost Memory W - pray for help -- divine ? -- Your skills at the end: Fighting Skills wands [Basic] Weapon Skills dagger [Basic] long sword [Basic] Spellcasting Skills Final Attributes: You were piously aligned. You were immune to cold. You were telepathic. You had infravision. You were stealthy. You were fast. You last prayed 3964 turns ago. Tyr was noncommittal. You are dead. Vanquished creatures: a winter wolf a shocking sphere a tengu a stone giant a leather golem a crocodile a quivering blob a wolf 2 leprechauns a mumak a scorpion a black light 2 gnome kings 4 brown puddings a yeti a gold golem a werewolf a dingo a dwarf lord a dust vortex a gnome mummy a snake an ape a human zombie 2 Woodland-elves a fire ant 2 bugbears a wood nymph a mountain nymph 11 Mordor orcs an orc shaman a rock piercer a rock mole a fog cloud a yellow light a shrieker a gnome lord 2 kobold mummies a gray ooze 2 giant ants 3 floating eyes a kitten a dwarf 5 homunculi 3 hill orcs 3 rothes a centipede a monkey an orc zombie a dwarf zombie an iguana 3 acid blobs a coyote 2 large kobolds a hobgoblin 2 cave spiders a brown mold a gnome 2 geckos 9 jackals a fox a kobold 3 goblins 4 sewer rats 5 grid bugs 3 bats 2 lichens a kobold zombie 5 newts 127 creatures vanquished. Voluntary challenges: You used a wielded weapon 157 times, starting on turn 267. You were illiterate. You never genocided any monsters. You never polymorphed an object. You never changed form. You used no wishes. You split 2 puddings, starting on turn 2423. You never wrote Elbereth's name. You never violated your personal moral code. Dungeon overview: The Dungeons of Doom: levels 1 to 10 Level 1 a vault a long staircase Level 2 a general store, a fountain Level 3 a fountain, a sink Level 4 a fountain a long staircase Level 5 Level 6 a fountain, a vault Level 7 a throne, a vault Level 8 a general store, a fountain, a vault Level 9 many fountains Level 10 an altar to Tyr, some fountains, a sink, a vault stairs to Sokoban Sokoban: levels 6 to 9 Level 6 <- You were here Unsolved Level 7 Solved Level 8 Solved Level 9 Solved stairs to The Dungeons of Doom History has recorded: On T:1 you entered the Dungeons of Doom to retrieve the Amulet of Yendor! On T:462 you reached level 2 of The Dungeons of Doom. On T:784 you reached level 3 of The Dungeons of Doom. On T:826 you advanced to experience level 2. On T:979 you reached level 4 of The Dungeons of Doom. On T:1083 you advanced to experience level 3. On T:1199 you reached level 5 of The Dungeons of Doom. On T:1298 you advanced to experience level 4. On T:1719 you reached level 6 of The Dungeons of Doom. On T:2003 you advanced to experience level 5. On T:2144 you reached level 7 of The Dungeons of Doom. On T:2497 you advanced to experience level 6. On T:2785 you reached level 8 of The Dungeons of Doom. On T:3140 you reached level 9 of The Dungeons of Doom. On T:3566 you advanced to experience level 7. On T:3602 you reached level 10 of The Dungeons of Doom. On T:3882 you reached level 4 of Sokoban. On T:4219 you reached level 3 of Sokoban. On T:5189 you advanced to experience level 8. On T:5204 you reached level 2 of Sokoban. On T:5652 you reached level 1 of Sokoban. Score breakdown: Gold: 1831 (11099 points) Experience: 8 levels (14739 points) Exploration: 10 levels ( 19.61%) (12727 points) Discoveries: 3 items ( 1.20%) ( 3286 points) Valuables value: (no points given unless you survive) Artifact value: 4000 (12253 points) Variety of kills: 69 monsters ( 18.16%) (12783 points) Turncount: 6067 turns (-1640 points) Survival: died (score multiplied by 80%) Total score: 52197 Latest messages: With great effort you move the boulder. You hear a monster behind the boulder. Perhaps that's why you cannot move it. You hear a monster behind the boulder. Perhaps that's why you cannot move it. You hear a monster behind the boulder. Perhaps that's why you cannot move it. You hear a monster behind the boulder. Perhaps that's why you cannot move it. You hear a monster behind the boulder. Perhaps that's why you cannot move it. You hear a monster behind the boulder. Perhaps that's why you cannot move it. You see here a food ration. (2x) With great effort you move the boulder. The chickatrice misses. (2x) The chickatrice bites! The chickatrice misses. With great effort you move the boulder. You begin bashing monsters with your bare hands. You hit the chickatrice! You turn to stone... Final status: Farvel Kangyu the Valkyrie, petrified by punching a chickatrice barehanded... You turned to stone in Sokoban on dungeon level 6 with 52197 points, and 1831 pieces of gold, after 6067 moves. You were level 8 with a maximum of 74 hit points when you turned to stone.